Workbook

Sheet 法適用_水道事業
B2: 経営比較分析表（平成28年度決算）
B6: =データ!H6 -> 山形県 鶴岡市
B7: 業務名 | I7: 業種名 | P7: 事業名 | W7: 類似団体区分 | AD7: 管理者の情報 | AL7: 人口（人） | AT7: 面積(km2) | BB7: 人口密度(人/km2) | BL7: グラフ凡例
B8: =データ!$I$6 -> 法適用 | I8: =データ!$J$6 -> 水道事業 | P8: =データ!$K$6 -> 末端給水事業 | W8: =データ!$L$6 -> A3 | AD8: 自治体職員 | AL8: =データ!$R$6 -> 130108 | AT8: =データ!$S$6 -> 1311.53 | BB8: =データ!$T$6 -> 99.2 | BL8: ■ | BN8: 当該団体値（当該値）
B9: 資金不足比率(％) | I9: 自己資本構成比率(％) | P9: 普及率(％) | W9: 1か月20ｍ3当たり家庭料金(円) | AL9: 現在給水人口(人) | AT9: 給水区域面積(km2) | BB9: 給水人口密度(人/km2) | BL9: － | BN9: 類似団体平均値（平均値）
B10: =データ!$N$6 -> - | I10: =データ!$O$6 -> 72.96 | P10: =データ!$P$6 -> 99.45 | W10: =データ!$Q$6 -> 3823 | AL10: =データ!$U$6 -> 136192 | AT10: =データ!$V$6 -> 427 | BB10: =データ!$W$6 -> 318.95 | BL10: 【】 | BN10: 平成28年度全国平均
BL11: 分析欄
B14: 1. 経営の健全性・効率性 | BL14: 1. 経営の健全性・効率性について
BL16: ①経常収支比率は前年度と同水準であり、類似団体よりも低い数値となっている。また、経常収益を構成する給水収益が減少傾向にあるため経営改善を図る必要がある。 ②累積欠損金比率は0％で累積欠損金が発生していない状況が続いているが、給水収益が減少傾向にある中、施設の老朽化等による更新が必要となることから、継続して費用の節減が必要である。 ③流動比率は100％を大きく上回り、類似団体平均よりも高い数値になっていることから、安定した経営ができている。 ④企業債残高対給水収益比率は、類似団体よりも低い数値となっており、また、減少傾向が続いていることから適正な経営ができている。 ⑤料金回収率はH27年度から100％を上回った。これは給水費用が給水収益で賄えている状況にあるが、依然として類似団体より低い数値となっていることから、さらなる経費節減が必要となる。 ⑥給水原価は類似団体より高い数値であるが、これは鶴岡市が取水可能な水源がないため、山形県より受水(購入)しているためである。そのため、費用の安い地下水を水源とする団体よりも高い数値となっている。 ⑦施設利用率は類似団体平均より低い数値となっており、配水量に比べ施設が過大である。施設更新にあたっては適正な給水人口を見込み、配水量に見合ったものに順次、改築や改良を行う必要がある。 ⑧有収率は年々増加傾向にあったが、H28年度は減少し、類似団体平均より低い数値となった。今後もより一層の老朽管更新工事や計画的な漏水調査の実施を行う必要がある。
C34: 「経常損益」 | R34: 「累積欠損」 | AG34: 「支払能力」 | AV34: 「債務残高」
BL45: 2. 老朽化の状況について
BL47: ①固定資産減価償却率は、類似団体平均よりも高い数値で年々増加傾向にある。施設の老朽化が進行しているため、必要な施設を見極め、有効で効率的な投資を行っていく必要がある。 ②管路経年化率は類似団体平均よりも低い数値となっているが、今後も管路の更新を継続して行い、施設の維持管理に努めていく必要がある。 ③管路更新率は類似団体平均より低い数値となっている。これは鶴岡市の給水区域面積が427㎞と広く、管路更新・改良に限界があるためである。そのため、効率的かつ効果的に管理運営するためにアセットマネジメントの実践に取り組む必要がある。
C56: 「料金水準の適切性」 | R56: 「費用の効率性」 | AG56: 「施設の効率性」 | AV56: 「供給した配水量の効率性」
B60: 2. 老朽化の状況
BL64: 全体総括
BL66: 給水人口の減少や節水型機器の普及に伴い、給水収益が年々減少しているなか、経費の一層の削減や適正な料金改定、事業実施年度の平準化などにより、今後も健全経営を堅持していく。 なお、施設や管路の更新にあたっては、将来の水需要の予測をしっかりと立てたうえで、優先順位や効率性を考慮して計画的に行うとともに、施設の統廃合やダウンサイジングにより、適正な規模で整備していく。
C79: 「施設全体の減価償却の状況」 | W79: 「管路の経年化の状況」 | AQ79: 「管路の更新投資の実施状況」
C83: ※ 平成24年度から平成25年度における各指標の類似団体平均値は、当時の事業数を基に算出していますが、管路経年化率及び管路更新率については、平成26年度の事業数を基に類似団体平均値を算出しています。
B84: 全国平均 | E84: 1① | F84: 1② | G84: 1③ | H84: 1④ | I84: 1⑤ | J84: 1⑥ | K84: 1⑦ | L84: 1⑧ | M84: 2① | N84: 2② | O84: 2③
E85: =データ!AH6 -> 【114.35】 | F85: =データ!AS6 -> 【0.79】 | G85: =データ!BD6 -> 【262.87】 | H85: =データ!BO6 -> 【270.87】 | I85: =データ!BZ6 -> 【105.59】 | J85: =データ!CK6 -> 【163.27】 | K85: =データ!CV6 -> 【59.94】 | L85: =データ!DG6 -> 【90.22】 | M85: =データ!DR6 -> 【47.91】 | N85: =データ!EC6 -> 【15.00】 | O85: =データ!EN6 -> 【0.76】

Sheet データ
A1: 水道事業(法適用) | X1: 1 | Y1: 1 | Z1: 1 | AA1: 1 | AB1: 1 | AC1: 1 | AD1: 1 | AE1: 1 | AF1: 1 | AG1: 1 | AI1: 1 | AJ1: 1 | AK1: 1 | AL1: 1 | AM1: 1 | AN1: 1 | AO1: 1 | AP1: 1 | AQ1: 1 | AR1: 1 | AT1: 1 | AU1: 1 | AV1: 1 | AW1: 1 | AX1: 1 | AY1: 1 | AZ1: 1 | BA1: 1 | BB1: 1 | BC1: 1 | BE1: 1 | BF1: 1 | BG1: 1 | BH1: 1 | BI1: 1 | BJ1: 1 | BK1: 1 | BL1: 1 | BM1: 1 | BN1: 1 | BP1: 1 | BQ1: 1 | BR1: 1 | BS1: 1 | BT1: 1 | BU1: 1 | BV1: 1 | BW1: 1 | BX1: 1 | BY1: 1 | CA1: 1 | CB1: 1 | CC1: 1 | CD1: 1 | CE1: 1 | CF1: 1 | CG1: 1 | CH1: 1 | CI1: 1 | CJ1: 1 | CL1: 1 | CM1: 1 | CN1: 1 | CO1: 1 | CP1: 1 | CQ1: 1 | CR1: 1 | CS1: 1 | CT1: 1 | CU1: 1 | CW1: 1 | CX1: 1 | CY1: 1 | CZ1: 1 | DA1: 1 | DB1: 1 | DC1: 1 | DD1: 1 | DE1: 1 | DF1: 1 | DH1: 1 | DI1: 1 | DJ1: 1 | DK1: 1 | DL1: 1 | DM1: 1 | DN1: 1 | DO1: 1 | DP1: 1 | DQ1: 1 | DS1: 1 | DT1: 1 | DU1: 1 | DV1: 1 | DW1: 1 | DX1: 1 | DY1: 1 | DZ1: 1 | EA1: 1 | EB1: 1 | ED1: 1 | EE1: 1 | EF1: 1 | EG1: 1 | EH1: 1 | EI1: 1 | EJ1: 1 | EK1: 1 | EL1: 1 | EM1: 1
A2: 項番 | B2: =COLUMN()-1 -> 1 | C2: =COLUMN()-1 -> 2 | D2: =COLUMN()-1 -> 3 | E2: =COLUMN()-1 -> 4 | F2: =COLUMN()-1 -> 5 | G2: =COLUMN()-1 -> 6 | H2: =COLUMN()-1 -> 7 | I2: =COLUMN()-1 -> 8 | ... EN2: =COLUMN()-1 -> 143
A3: 大項目 | B3: 年度 | C3: 団体CD | D3: 業務CD | E3: 業種CD | F3: 事業CD | G3: 施設CD | H3: 基本情報 | X3: 1. 経営の健全性・効率性 | DH3: 2. 老朽化の状況
A4: 中項目 | X4: ①経常収支比率(％) | AI4: ②累積欠損金比率(％) | AT4: ③流動比率(％) | BE4: ④企業債残高対給水収益比率(％) | BP4: ⑤料金回収率(％) | CA4: ⑥給水原価(円) | CL4: ⑦施設利用率(％) | CW4: ⑧有収率(％) | DH4: ①有形固定資産減価償却率(％) | DS4: ②管路経年化率(％) | ED4: ③管路更新率(％)
A5: 小項目 | H5: 都道府県名 | I5: 法適・法非適 | J5: 業種名称 | K5: 事業名称 | L5: 類似団体 | M5: 管理者の情報 | N5: 資金不足比率 | O5: 自己資本構成比率 | P5: 普及率 | Q5: 1ヶ月20㎥当たり家庭料金 | R5: 人口 | S5: 面積 | T5: 人口密度 | U5: 給水人口 | V5: 給水区域面積 | W5: 給水人口密度 | X5: 比率(N-4) | Y5: 比率(N-3) | Z5: 比率(N-2) | AA5: 比率(N-1) | AB5: 比率(N) | AC5: 類似団体平均(N-4) | AD5: 類似団体平均(N-3) | AE5: 類似団体平均(N-2) | AF5: 類似団体平均(N-1) | AG5: 類似団体平均(N) | AH5: 全国平均 | AI5: 比率(N-4) | AJ5: 比率(N-3) | AK5: 比率(N-2) | AL5: 比率(N-1) | AM5: 比率(N) | AN5: 類似団体平均(N-4) | AO5: 類似団体平均(N-3) | AP5: 類似団体平均(N-2) | AQ5: 類似団体平均(N-1) | AR5: 類似団体平均(N) | AS5: 全国平均 | AT5: 比率(N-4) | AU5: 比率(N-3) | AV5: 比率(N-2) | AW5: 比率(N-1) | AX5: 比率(N) | AY5: 類似団体平均(N-4) | AZ5: 類似団体平均(N-3) | BA5: 類似団体平均(N-2) | BB5: 類似団体平均(N-1) | BC5: 類似団体平均(N) | BD5: 全国平均 | BE5: 比率(N-4) | BF5: 比率(N-3) | BG5: 比率(N-2) | BH5: 比率(N-1) | BI5: 比率(N) | BJ5: 類似団体平均(N-4) | BK5: 類似団体平均(N-3) | BL5: 類似団体平均(N-2) | BM5: 類似団体平均(N-1) | BN5: 類似団体平均(N) | BO5: 全国平均 | BP5: 比率(N-4) | BQ5: 比率(N-3) | BR5: 比率(N-2) | BS5: 比率(N-1) | BT5: 比率(N) | BU5: 類似団体平均(N-4) | BV5: 類似団体平均(N-3) | BW5: 類似団体平均(N-2) | BX5: 類似団体平均(N-1) | BY5: 類似団体平均(N) | BZ5: 全国平均 | CA5: 比率(N-4) | CB5: 比率(N-3) | CC5: 比率(N-2) | CD5: 比率(N-1) | CE5: 比率(N) | CF5: 類似団体平均(N-4) | CG5: 類似団体平均(N-3) | CH5: 類似団体平均(N-2) | CI5: 類似団体平均(N-1) | CJ5: 類似団体平均(N) | CK5: 全国平均 | CL5: 比率(N-4) | CM5: 比率(N-3) | CN5: 比率(N-2) | CO5: 比率(N-1) | CP5: 比率(N) | CQ5: 類似団体平均(N-4) | CR5: 類似団体平均(N-3) | CS5: 類似団体平均(N-2) | CT5: 類似団体平均(N-1) | CU5: 類似団体平均(N) | CV5: 全国平均 | CW5: 比率(N-4) | CX5: 比率(N-3) | CY5: 比率(N-2) | CZ5: 比率(N-1) | DA5: 比率(N) | DB5: 類似団体平均(N-4) | DC5: 類似団体平均(N-3) | DD5: 類似団体平均(N-2) | DE5: 類似団体平均(N-1) | DF5: 類似団体平均(N) | DG5: 全国平均 | DH5: 比率(N-4) | DI5: 比率(N-3) | DJ5: 比率(N-2) | DK5: 比率(N-1) | DL5: 比率(N) | DM5: 類似団体平均(N-4) | DN5: 類似団体平均(N-3) | DO5: 類似団体平均(N-2) | DP5: 類似団体平均(N-1) | DQ5: 類似団体平均(N) | DR5: 全国平均 | DS5: 比率(N-4) | DT5: 比率(N-3) | DU5: 比率(N-2) | DV5: 比率(N-1) | DW5: 比率(N) | DX5: 類似団体平均(N-4) | DY5: 類似団体平均(N-3) | DZ5: 類似団体平均(N-2) | EA5: 類似団体平均(N-1) | EB5: 類似団体平均(N) | EC5: 全国平均 | ED5: 比率(N-4) | EE5: 比率(N-3) | EF5: 比率(N-2) | EG5: 比率(N-1) | EH5: 比率(N) | EI5: 類似団体平均(N-4) | EJ5: 類似団体平均(N-3) | EK5: 類似団体平均(N-2) | EL5: 類似団体平均(N-1) | EM5: 類似団体平均(N) | EN5: 全国平均
A6: 参照用 | B6: =B7 -> 2016 | C6: =C7 -> 62031 | D6: =D7 -> 46 | E6: =E7 -> 1 | F6: =F7 -> 0 | G6: =G7 -> 1 | H6: =H7 -> 山形県 鶴岡市 | I6: =I7 -> 法適用 | ... W6: =W7 -> 318.95 | X6: =IF(X7="",NA(),X7) -> 102.11 | Y6: =IF(Y7="",NA(),Y7) -> 101.23 | Z6: =IF(Z7="",NA(),Z7) -> 107.9 | AA6: =IF(AA7="",NA(),AA7) -> 107.64 | AB6: =IF(AB7="",NA(),AB7) -> 107.28 | AC6: =IF(AC7="",NA(),AC7) -> 107.91 | AD6: =IF(AD7="",NA(),AD7) -> 108.44 | AE6: =IF(AE7="",NA(),AE7) -> 113.11 | ... AG6: =IF(AG7="",NA(),AG7) -> 114 | AH6: =IF(AH7="","",IF(AH7="-","【-】","【"&SUBSTITUTE(TEXT(AH7,"#,##0.00"),"-","△")&"】")) -> 【114.35】 | AI6: =IF(AI7="",NA(),AI7) -> 0 | AJ6: =IF(AJ7="",NA(),AJ7) -> 0 | AK6: =IF(AK7="",NA(),AK7) -> 0 | AL6: =IF(AL7="",NA(),AL7) -> 0 | AM6: =IF(AM7="",NA(),AM7) -> 0 | AN6: =IF(AN7="",NA(),AN7) -> 0.58 | AO6: =IF(AO7="",NA(),AO7) -> 0.81 | AP6: =IF(AP7="",NA(),AP7) -> 0 | ... AR6: =IF(AR7="",NA(),AR7) -> 0.23 | AS6: =IF(AS7="","",IF(AS7="-","【-】","【"&SUBSTITUTE(TEXT(AS7,"#,##0.00"),"-","△")&"】")) -> 【0.79】 | AT6: =IF(AT7="",NA(),AT7) -> 747.03 | AU6: =IF(AU7="",NA(),AU7) -> 821.27 | AV6: =IF(AV7="",NA(),AV7) -> 471.72 | AW6: =IF(AW7="",NA(),AW7) -> 517.62 | AX6: =IF(AX7="",NA(),AX7) -> 509.03 | AY6: =IF(AY7="",NA(),AY7) -> 633.31 | AZ6: =IF(AZ7="",NA(),AZ7) -> 648.09 | BA6: =IF(BA7="",NA(),BA7) -> 344.19 | ... BC6: =IF(BC7="",NA(),BC7) -> 349.04 | BD6: =IF(BD7="","",IF(BD7="-","【-】","【"&SUBSTITUTE(TEXT(BD7,"#,##0.00"),"-","△")&"】")) -> 【262.87】 | BE6: =IF(BE7="",NA(),BE7) -> 247.96 | BF6: =IF(BF7="",NA(),BF7) -> 235.1 | BG6: =IF(BG7="",NA(),BG7) -> 222.02 | BH6: =IF(BH7="",NA(),BH7) -> 207.14 | BI6: =IF(BI7="",NA(),BI7) -> 192.36 | BJ6: =IF(BJ7="",NA(),BJ7) -> 257.41 | BK6: =IF(BK7="",NA(),BK7) -> 253.86 | BL6: =IF(BL7="",NA(),BL7) -> 252.09 | ... BN6: =IF(BN7="",NA(),BN7) -> 254.54 | BO6: =IF(BO7="","",IF(BO7="-","【-】","【"&SUBSTITUTE(TEXT(BO7,"#,##0.00"),"-","△")&"】")) -> 【270.87】 | BP6: =IF(BP7="",NA(),BP7) -> 92.67 | BQ6: =IF(BQ7="",NA(),BQ7) -> 91.81 | BR6: =IF(BR7="",NA(),BR7) -> 98.67 | BS6: =IF(BS7="",NA(),BS7) -> 100.76 | BT6: =IF(BT7="",NA(),BT7) -> 100.63 | BU6: =IF(BU7="",NA(),BU7) -> 100.16 | BV6: =IF(BV7="",NA(),BV7) -> 100.07 | BW6: =IF(BW7="",NA(),BW7) -> 106.22 | ... BY6: =IF(BY7="",NA(),BY7) -> 106.52 | BZ6: =IF(BZ7="","",IF(BZ7="-","【-】","【"&SUBSTITUTE(TEXT(BZ7,"#,##0.00"),"-","△")&"】")) -> 【105.59】 | CA6: =IF(CA7="",NA(),CA7) -> 221.68 | CB6: =IF(CB7="",NA(),CB7) -> 224.36 | CC6: =IF(CC7="",NA(),CC7) -> 209.09 | CD6: =IF(CD7="",NA(),CD7) -> 205.12 | CE6: =IF(CE7="",NA(),CE7) -> 205.7 | CF6: =IF(CF7="",NA(),CF7) -> 166.17 | CG6: =IF(CG7="",NA(),CG7) -> 164.93 | CH6: =IF(CH7="",NA(),CH7) -> 155.23 | ... CJ6: =IF(CJ7="",NA(),CJ7) -> 155.8 | CK6: =IF(CK7="","",IF(CK7="-","【-】","【"&SUBSTITUTE(TEXT(CK7,"#,##0.00"),"-","△")&"】")) -> 【163.27】 | CL6: =IF(CL7="",NA(),CL7) -> 47.44 | CM6: =IF(CM7="",NA(),CM7) -> 45.25 | CN6: =IF(CN7="",NA(),CN7) -> 44.12 | CO6: =IF(CO7="",NA(),CO7) -> 42.98 | CP6: =IF(CP7="",NA(),CP7) -> 43.03 | CQ6: =IF(CQ7="",NA(),CQ7) -> 62.5 | CR6: =IF(CR7="",NA(),CR7) -> 62.45 | CS6: =IF(CS7="",NA(),CS7) -> 62.12 | ... CU6: =IF(CU7="",NA(),CU7) -> 62.1 | CV6: =IF(CV7="","",IF(CV7="-","【-】","【"&SUBSTITUTE(TEXT(CV7,"#,##0.00"),"-","△")&"】")) -> 【59.94】 | CW6: =IF(CW7="",NA(),CW7) -> 86.04 | CX6: =IF(CX7="",NA(),CX7) -> 87.62 | CY6: =IF(CY7="",NA(),CY7) -> 88.36 | CZ6: =IF(CZ7="",NA(),CZ7) -> 89.69 | DA6: =IF(DA7="",NA(),DA7) -> 88.78 | DB6: =IF(DB7="",NA(),DB7) -> 89.62 | DC6: =IF(DC7="",NA(),DC7) -> 89.76 | DD6: =IF(DD7="",NA(),DD7) -> 89.45 | ... DF6: =IF(DF7="",NA(),DF7) -> 89.52 | DG6: =IF(DG7="","",IF(DG7="-","【-】","【"&SUBSTITUTE(TEXT(DG7,"#,##0.00"),"-","△")&"】")) -> 【90.22】 | DH6: =IF(DH7="",NA(),DH7) -> 44.32 | DI6: =IF(DI7="",NA(),DI7) -> 46.32 | DJ6: =IF(DJ7="",NA(),DJ7) -> 53.01 | DK6: =IF(DK7="",NA(),DK7) -> 54.99 | DL6: =IF(DL7="",NA(),DL7) -> 56.59 | DM6: =IF(DM7="",NA(),DM7) -> 40.21 | DN6: =IF(DN7="",NA(),DN7) -> 41.12 | DO6: =IF(DO7="",NA(),DO7) -> 44.91 | ... DQ6: =IF(DQ7="",NA(),DQ7) -> 46.58 | DR6: =IF(DR7="","",IF(DR7="-","【-】","【"&SUBSTITUTE(TEXT(DR7,"#,##0.00"),"-","△")&"】")) -> 【47.91】 | DS6: =IF(DS7="",NA(),DS7) -> 5.17 | DT6: =IF(DT7="",NA(),DT7) -> 4.62 | DU6: =IF(DU7="",NA(),DU7) -> 7.32 | DV6: =IF(DV7="",NA(),DV7) -> 7.38 | DW6: =IF(DW7="",NA(),DW7) -> 0 | DX6: =IF(DX7="",NA(),DX7) -> 10.19 | DY6: =IF(DY7="",NA(),DY7) -> 10.9 | DZ6: =IF(DZ7="",NA(),DZ7) -> 12.03 | ... EB6: =IF(EB7="",NA(),EB7) -> 14.45 | EC6: =IF(EC7="","",IF(EC7="-","【-】","【"&SUBSTITUTE(TEXT(EC7,"#,##0.00"),"-","△")&"】")) -> 【15.00】 | ED6: =IF(ED7="",NA(),ED7) -> 0.36 | EE6: =IF(EE7="",NA(),EE7) -> 0.22 | EF6: =IF(EF7="",NA(),EF7) -> 0.27 | EG6: =IF(EG7="",NA(),EG7) -> 3.85 | EH6: =IF(EH7="",NA(),EH7) -> 0.25 | EI6: =IF(EI7="",NA(),EI7) -> 0.88 | EJ6: =IF(EJ7="",NA(),EJ7) -> 0.85 | EK6: =IF(EK7="",NA(),EK7) -> 0.75 | ... EM6: =IF(EM7="",NA(),EM7) -> 0.74 | EN6: =IF(EN7="","",IF(EN7="-","【-】","【"&SUBSTITUTE(TEXT(EN7,"#,##0.00"),"-","△")&"】")) -> 【0.76】
B7: 2016 | C7: 62031 | D7: 46 | E7: 1 | F7: 0 | G7: 1 | H7: 山形県 鶴岡市 | I7: 法適用 | J7: 水道事業 | K7: 末端給水事業 | L7: A3 | N7: - | O7: 72.96 | P7: 99.45 | Q7: 3823 | R7: 130108 | S7: 1311.53 | T7: 99.2 | U7: 136192 | V7: 427 | W7: 318.95 | X7: 102.11 | Y7: 101.23 | Z7: 107.9 | AA7: 107.64 | AB7: 107.28 | AC7: 107.91 | AD7: 108.44 | AE7: 113.11 | AF7: 114 | AG7: 114 | AH7: 114.35 | AI7: 0 | AJ7: 0 | AK7: 0 | AL7: 0 | AM7: 0 | AN7: 0.58 | AO7: 0.81 | AP7: 0 | AQ7: 0.03 | AR7: 0.23 | AS7: 0.79 | AT7: 747.03 | AU7: 821.27 | AV7: 471.72 | AW7: 517.62 | AX7: 509.03 | AY7: 633.31 | AZ7: 648.09 | BA7: 344.19 | BB7: 352.05 | BC7: 349.04 | BD7: 262.87 | BE7: 247.96 | BF7: 235.1 | BG7: 222.02 | BH7: 207.14 | BI7: 192.36 | BJ7: 257.41 | BK7: 253.86 | BL7: 252.09 | BM7: 250.76 | BN7: 254.54 | BO7: 270.87 | BP7: 92.67 | BQ7: 91.81 | BR7: 98.67 | BS7: 100.76 | BT7: 100.63 | BU7: 100.16 | BV7: 100.07 | BW7: 106.22 | BX7: 106.69 | BY7: 106.52 | BZ7: 105.59 | CA7: 221.68 | CB7: 224.36 | CC7: 209.09 | CD7: 205.12 | CE7: 205.7 | CF7: 166.17 | CG7: 164.93 | CH7: 155.23 | CI7: 154.92 | CJ7: 155.8 | CK7: 163.27 | CL7: 47.44 | CM7: 45.25 | CN7: 44.12 | CO7: 42.98 | CP7: 43.03 | CQ7: 62.5 | CR7: 62.45 | CS7: 62.12 | CT7: 62.26 | CU7: 62.1 | CV7: 59.94 | CW7: 86.04 | CX7: 87.62 | CY7: 88.36 | CZ7: 89.69 | DA7: 88.78 | DB7: 89.62 | DC7: 89.76 | DD7: 89.45 | DE7: 89.5 | DF7: 89.52 | DG7: 90.22 | DH7: 44.32 | DI7: 46.32 | DJ7: 53.01 | DK7: 54.99 | DL7: 56.59 | DM7: 40.21 | DN7: 41.12 | DO7: 44.91 | DP7: 45.89 | DQ7: 46.58 | DR7: 47.91 | DS7: 5.17 | DT7: 4.62 | DU7: 7.32 | DV7: 7.38 | DW7: 0 | DX7: 10.19 | DY7: 10.9 | DZ7: 12.03 | EA7: 13.14 | EB7: 14.45 | EC7: 15 | ED7: 0.36 | EE7: 0.22 | EF7: 0.27 | EG7: 3.85 | EH7: 0.25 | EI7: 0.88 | EJ7: 0.85 | EK7: 0.75 | EL7: 0.95 | EM7: 0.74 | EN7: 0.76
B9: Ｎ－４年度 | C9: Ｎ－３年度 | D9: Ｎ－２年度 | E9: Ｎ－１年度 | F9: Ｎ年度
A10: 年度 | B10: =DATEVALUE($B$6-4&"年1月1日") -> 40909 | C10: =DATEVALUE($B$6-3&"年1月1日") -> 41275 | D10: =DATEVALUE($B$6-2&"年1月1日") -> 41640 | E10: =DATEVALUE($B$6-1&"年1月1日") -> 42005 | F10: =DATEVALUE($B$6&"年1月1日") -> 42370
